 Dungeon Sprint DCSS version 0.29-a0-356-g7bc237e783 (webtiles) character file.

Game seed: 11554483600782118488

282493024 Zeldest the Champion of Chaos (level 21, 218/244 HPs)
             Began as a Deep Dwarf Fighter on Apr 25, 2022.
             Was the Champion of Makhleb.
             Escaped with the Orb
             ... and 17 runes!
             The game lasted 00:53:15 (6418 turns).

Zeldest the Champion of Chaos (Deep Dwarf Fighter)  Turns: 6418, Time: 00:53:15

Health: 218/244    AC: 49    Str: 27    XL:     21   Next: 24%
Magic:  7/7 (23)   EV: 15    Int:  9    God:    Makhleb [******]
Gold:   60         SH: 42    Dex: 18    Spells: 63/63 levels left

rFire   + + +      SeeInvis +   v - +5 demon whip "Spellbinder" {antimagic, Will+}
rCold   + . .      Faith    .   R - +18 shield of the Gong {rElec rN+ Will+ EV-5}
rNeg    + + .      Spirit   .   l - +8 gold dragon scales
rPois   +          Reflect  +   w - +2 helmet "Lihir" {rF+++ rC- Str-4 Slay+5}
rElec   +          Harm     .   K - +0 cloak {Will+}
rCorr   .          Rampage  +   N - +2 pair of gloves of Beogh, Kissing {Slay+3}
Will    +++++      NoTele   +   D - +2 pair of boots {rampage}
Stlth   ..........              V - amulet of Eternity {Reflect Drain Will+ Dex+5 SH+5}
HPRegen 0.00/turn               z - ring of see invisible
MPRegen 0.10/turn               S - ring "Horchi" {rF++ rC+ Dex+3 Stlth+}

@: no status effects
A: damage resistance, heal wounds, negative energy resistance 1, sense
surroundings 3, no regeneration, clumsy 1
0: Orb of Zot
}: 17/17 runes: decaying, serpentine, barnacled, slimy, elven, silver, golden,
iron, obsidian, icy, bone, abyssal, glowing, magical, fiery, dark, gossamer
a: Heal Wounds, Renounce Religion, Minor Destruction, Lesser Servant of Makhleb,
Major Destruction, Greater Servant of Makhleb


You escaped.
You worshipped Makhleb.
Makhleb was exalted by your worship.
You visited 1 branch You collected 1977 gold pieces.
You spent 1917 gold pieces at shops.

Inventory:

Hand Weapons
 v - the +5 demon whip "Spellbinder" (weapon) {antimagic, Will+}
   (You bought it in a shop in the Dungeon)

   It reduces the magical energy of the wielder, and disrupts the spells and
   magical abilities of those it strikes.
   Natural abilities and divine invocations are not affected.
   It unleashes wild and unpredictable magical effects upon striking a wizard or
   a creature with magical abilities.
   Will:      It increases your willpower.
 X - the +5 broad axe of Ruination {freeze, +Blink rElec rN++ Int-3}
   (You found it in the Dungeon)

   It freezes those it strikes, dealing additional cold damage.
   It can also slow down cold-blooded creatures.
   Int:       It affects your intelligence (-3).
   rElec:     It insulates you from electricity.
   rN:        It greatly protects you from negative energy.
   +Blink:    It lets you blink.
Missiles
 u - 2 throwing nets
Armour
 a - +6 ice dragon scales
 l - +8 gold dragon scales (worn)
 m - a +0 pair of gloves
 n - a +0 plate armour
 s - a +0 cloak
 t - a +0 helmet
 w - the +2 helmet "Lihir" (worn) {rF+++ rC- Str-4 Slay+5}
   (You acquired it in the Dungeon)

   Str:       It affects your strength (-4).
   Slay:      It affects your accuracy & damage with ranged weapons and melee
   (+5).
   rF:        It renders you almost immune to fire.
   rC:        It makes you vulnerable to cold.
 B - +1 ice dragon scales
 C - a +1 tower shield
 D - a +2 pair of boots of rampaging (worn)
 E - a +1 cloak
 F - a +1 pair of gloves
 G - the +4 moon troll leather armour {Spirit, Regen++ MP+5}
   (You found it in the Dungeon)

   MP:        It affects your magic capacity (+5).
   Regen:     It increases your rate of health regeneration.
 J - +3 ice dragon scales
 K - a +0 cloak of willpower (worn)
 N - the +2 pair of gloves of Beogh, Kissing (worn) {Slay+3}
   (You took it off Nikola in the Dungeon)

   Slay:      It affects your accuracy & damage with ranged weapons and melee
   (+3).
 R - the +18 shield of the Gong (worn) {rElec rN+ Will+ EV-5}
   (You found it in the Dungeon)

   It is deafeningly noisy when blocking attacks.
   EV:        It affects your evasion (-5).
   rElec:     It insulates you from electricity.
   rN:        It protects you from negative energy.
   Will:      It increases your willpower.
Jewellery
 c - a ring of positive energy
 o - a +3 ring of strength
 p - a +3 ring of dexterity
 q - a ring of resist corrosion
 y - a ring of positive energy
 z - a ring of see invisible (left hand)
 A - a +4 ring of protection
 S - the ring "Horchi" (right hand) {rF++ rC+ Dex+3 Stlth+}
   (You found it in the Dungeon)

   [ring of dexterity]

   Dex:       It affects your dexterity (+3).
   rF:        It greatly protects you from fire.
   rC:        It protects you from cold.
   Stlth:     It makes you more stealthy.
 T - the ring of Akargh {Fire Will+ Str+2}
   (You found it in the Dungeon)

   [ring of fire]

   It enhances your fire magic.
   Str:       It affects your strength (+2).
   rF:        It protects you from fire.
   rC:        It makes you vulnerable to cold.
   Will:      It increases your willpower.
 U - the ring of Perfectionism {Int+5 Slay+4}
   (You found it in the Dungeon)

   [ring of slaying]

   Int:       It affects your intelligence (+5).
   Slay:      It affects your accuracy & damage with ranged weapons and melee
   (+4).
 V - the amulet of Eternity (around neck) {Reflect Drain Will+ Dex+5 SH+5}
   (You found it in the Dungeon)

   [amulet of reflection]

   It reflects blocked missile attacks.
   Dex:       It affects your dexterity (+5).
   Drain:     It drains your maximum health when unequipped.
   SH:        It affects your SH (+5).
   Will:      It increases your willpower.
 W - the amulet "Otobaku" {RegenMP rN+}
   (You found it in the Dungeon)

   [amulet of magic regeneration]

   It increases your rate of magic regeneration.
   rN:        It protects you from negative energy.
Scrolls
 f - 3 scrolls of fog
 h - 6 scrolls of fear
 j - 2 scrolls of amnesia
 x - a scroll of immolation
 M - 8 scrolls of enchant weapon
Potions
 b - a potion of haste
 d - 6 potions of curing
 e - 2 potions of ambrosia {unknown}
 g - 8 potions of magic
 H - a potion of mutation
 L - 6 potions of berserk rage
 P - a potion of attraction
Miscellaneous
 k - the horn of Geryon
 Q - a phial of floods


   Skills:
 O Level 27 Fighting
 O Level 27 Axes
 O Level 27 Maces & Flails
 O Level 27 Armour
 O Level 27 Dodging
 O Level 27 Shields
 - Level 4.5 Unarmed Combat
 + Level 21.7 Spellcasting
 + Level 11.6 Conjurations
 + Level 10.6 Hexes
 + Level 11.6 Summonings
 + Level 13.7 Necromancy
 + Level 13.7 Translocations
 + Level 11.6 Transmutations
 + Level 11.6 Fire Magic
 + Level 11.6 Ice Magic
 + Level 9.8 Air Magic
 + Level 16.0 Earth Magic
 + Level 10.7 Poison Magic
 O Level 27 Invocations
 O Level 27 Evocations


You had 63 spell levels left.
You didn't know any spells.
Your spell library contained the following spells:

 Spells                   Type           Power      Damage    Failure   Level
 Slow                     Hex            100%       N/A       1%          1
 Call Imp                 Summ           30%        N/A       1%          2
 Confusing Touch          Hex            29%        N/A       1%          3
 Vampiric Draining        Necr           34%        2d8       1%          3
 Fulminant Prism          Conj/Hex       14%        3d9       2%          4
 Fireball                 Conj/Fire      15%        3d8       6%          5


Dungeon Overview and Level Annotations

Branches:
Dungeon (1/1)

Altars:
Cheibriados
Dithmenos
Elyvilon
Fedhas
Gozag
Hepliaklqana
Kikubaaqudgha
Makhleb
Nemelex Xobeh
Okawaru
Qazlal
Ru
Sif Muna
Trog
Uskayaw
Vehumet
Wu Jian
Xom
Yredelemnul
Zin
The Shining One
Beogh
Jiyva
Lugonu

Shops:
D ((?(


Innate Abilities, Weirdness & Mutations

You are resistant to damage.
You can heal yourself by infusing magical energy.
You resist negative energy. (rN+)
You passively map a large area around you.
You do not regenerate.
You are clumsy. (Dex -2)


Message History

The hellwing barely misses you. You block the hellwing's attack.
PANG!
You whack the hellwing!
The hellwing is moderately wounded.
You whack the hellwing!
The hellwing is heavily wounded.
You block the hellwing's attack.
GONNNNG!
You block the hellwing's attack.
BONNNG!
You whack the hellwing!
The hellwing is almost dead.
You hit the hellwing.
The hellwing is almost dead.
The hellwing completely misses you. You block the hellwing's attack.
BOUMMMMG!
You thrash the hellwing!!
You kill the hellwing!
Makhleb accepts your kill.
You feel better.
There is an iron altar of Okawaru here.
There is a sparkling altar of Nemelex Xobeh here.
There is a burning altar of Makhleb here.
There is a corrupted altar of Lugonu here.
There is an ancient bone altar of Kikubaaqudgha here.
There is a hazy altar of Hepliaklqana here.
There is an opulent altar of Gozag here.
There is a blossoming altar of Fedhas here.
There is a white marble altar of Elyvilon here.
There is a shadowy altar of Dithmenos here.
There is a snail-covered altar of Cheibriados here.
There is a roughly hewn altar of Beogh here.
There is an open door to the Temple here.
There is an open door, spattered with blood here.
You see here a +0 flail.
There is an open door to the Dungeon here.
Things that are here:
a +0 dagger; a +0 short sword; a stone
There is a staircase leading out of the dungeon here.
You have escaped!

▓▓▓▓▓▓▓▓▓▓▓▓▓▓▓▓▓▓
▓@▓...▓...▓...▓...
▓.▓.▓.▓.▓.▓.▓.▓.▓.
▓.▓.▓.▓.▓.▓.▓.▓.▓.
▓.▓.▓.▓.▓.▓.▓.▓.▓.
▓)▓.▓.▓.▓.▓.▓.▓.▓.
▓.▓.▓.▓.▓.▓.▓.▓.▓.
▓.▓.▓.▓.▓)▓.▓.▓.▓.
▓.▓.▓'▓.▓.▓.▓.▓.▓.
▓.▓.▓.▓.▓.▓.▓.▓.▓.


There were no monsters in sight!

Vanquished Creatures
  Cerebov (D)
  Asmodeus (D)
  Antaeus (D)
  the Royal Jelly (D)
  Ereshkigal (D)
  Gloorx Vloq (D)
  Mnoleg (D)
  Lom Lobon (D)
  Dispater (D)
  4 orbs of fire (D)
  6 ancient liches (D)
  Mara (D)
  Sojobo (D)
  4 royal mummies (D)
  Boris (twice) (D)
  Xtahua (D)
  Saint Roka (D)
  Margery (D)
  Geryon (D)
  4 golden dragons (D)
  Nikola (D)
  Jory (D)
  A Brimstone Fiend (D)
  2 electric golems (D)
  3 Tzitzimimeh (D)
  A hellephant (D)
  2 Hell Sentinels (D)
  2 tentacled monstrosities (D)
  4 liches (D)
  30 Orb Guardians (D)
  10 acid blobs (D)
  3 deep elf blademasters (D)
  2 pandemonium lords (D)
  5 quicksilver dragons (D)
  An Executioner (D)
  15 sphinxes (D)
  5 tengu reavers (D)
  4 storm dragons (D)
  Donald (D)
  10 azure jellies (D)
  Kirke (D)
  2 draconian monks (D)
  Ilsuiw (D)
  9 shadow dragons (D)
  A rockslime (D)
  3 deep elf sorcerers (D)
  A daeva (D)
  2 frost giants (D)
  5 nagarajas (D)
  3 draconian scorchers (D)
  An iron dragon (D)
  2 balrugs (D)
  Louise (D)
  A vault warden (D)
  Aizul (D)
  7 emperor scorpions (D)
  A cacodemon (D)
  A draconian shifter (D)
  An angel (D)
  3 ghost moths (D)
  A demonspawn corrupter (D)
  2 draconian stormcallers (D)
  A war gargoyle (D)
  A broodmother (D)
  A spriggan defender (D)
  A reaper (D)
  4 quicksilver oozes (D)
  An ironbound thunderhulk (D)
  3 very ugly things (D)
  5 ironbound preservers (D)
  4 stone giants (D)
  4 vampire knights (D)
  Azrael (D)
  2 black draconians (D)
  2 deep elf demonologists (D)
  3 green draconians (D)
  2 lorocyprocas (D)
  6 deep elf annihilators (D)
  An entropy weaver (D)
  6 purple draconians (D)
  An eleionoma (D)
  A bunyip (D)
  5 red draconians (D)
  A yellow draconian (D)
  A blizzard demon (D)
  Snorg (D)
  A deep elf death mage (D)
  2 ettins (D)
  3 merfolk javelineers (D)
  5 mummy priests (D)
  7 fire dragons (D)
  A deep elf high priest (D)
  2 great orbs of eyes (D)
  5 merfolk impalers (D)
  7 hydras (D)
  Harold (D)
  A spriggan air mage (D)
  A hell beast (D)
  5 ice dragons (D)
  2 rakshasas (D)
  26 vault guards (D)
  An ogre mage (D)
  An ironbound frostheart (D)
  3 merfolk aquamancers (D)
  7 two-headed ogres (D)
  2 merfolk avatars (D)
  A centaur warrior (D)
  A catoblepas (D)
  4 hell hogs (D)
  2 alligators (D)
  2 tengu warriors (D)
  2 deep troll earth magi (D)
  2 naga sharpshooters (D)
  4 shock serpents (D)
  2 spriggan berserkers (D)
  A vampire mage (D)
  12 spriggans (D)
  8 sun demons (D)
  Urug (D)
  5 hell knights (D)
  2 soul eaters (D)
  A sea snake (D)
  A salamander mystic (D)
  A shadow wraith (D)
  2 goliath frogs (D)
  A flayed ghost (D)
  A steelbarb worm (shapeshifter) (D)
  3 swamp dragons (D)
  A steelbarb worm (D)
  A wizard (D)
  5 ironbound convokers (D)
  3 lindwurms (D)
  A phantasmal warrior (D)
  A harpy (shapeshifter) (D)
  2 necromancers (D)
  3 orc knights (D)
  2 ugly things (D)
  3 wolf spiders (D)
  An orc sorcerer (D)
  3 cyclopes (D)
  5 guardian serpents (D)
  A manticore (D)
  2 will-o-the-wisps (D)
  8 moths of wrath (D)
  A black mamba (D)
  2 naga magi (D)
  3 vault sentinels (D)
  A water nymph (D)
  A torpor snail (D)
  2 cane toads (D)
  An ice devil (D)
  A tengu conjurer (D)
  19 guardian mummies (D)
  2 hellwings (D)
  A tormentor (D)
  2 trolls (D)
  4 red devils (D)
  A queen bee (shapeshifter) (D)
  A wandering mushroom (D)
  A hornet (D)
  3 merfolk (D)
  4 tarantellas (D)
  2 slime creatures (D)
  2 dream sheep (D)
  A snapping turtle (D)
  3 starcursed masses (D)
  A flying skull (D)
  A jumping spider (D)
  6 yaks (D)
  A wyvern (D)
  2 hogs (D)
  A wraith (D)
  2 fire elementals (D)
  2 chaos spawn (D)
  A water elemental (D)
  A large abomination (D)
  Eustachio (D)
  A basilisk (D)
  A golden eye (D)
  A steam dragon (D)
  A neqoxec (D)
  2 redbacks (D)
  A warg (D)
  3 nagas (D)
  2 water moccasins (D)
  An acid dragon (D)
  7 hell hounds (D)
  12 orc warriors (D)
  4 swamp drakes (D)
  A small abomination (D)
  6 ogres (D)
  3 wolves (D)
  2 bullfrogs (D)
  A gnoll sergeant (D)
  A scorpion (D)
  A wight (D)
  A hound (D)
  3 orc priests (D)
  An iron imp (D)
  6 orc wizards (D)
  An adder (D)
  An ufetubus (D)
  2 dart slugs (D)
  9 orcs (D)
  A giant cockroach (D)
  A goblin (D)
  A ball python (D)
  A bat (D)
  A kobold (D)
  4 ball lightnings (D)
  A block of ice (D)
  A fire vortex (D)
593 creatures vanquished.

Vanquished Creatures (collateral kills)
  Agnes (D)
  Nessos (D)
2 creatures vanquished.

Vanquished Creatures (others)
  A nagaraja (D)
  2 draconian knights (D)
  A komodo dragon (D)
  3 humans (D)
  11 ball lightnings (D)
  3 foxfires (D)
21 creatures vanquished.

Grand Total: 616 creatures vanquished

Notes
Turn   | Place    | Note
-------+----------+-------------------------------------------
     0 | D        | Zeldest the Deep Dwarf Fighter began the quest for the Orb.
     0 | D        | Reached XP level 1. HP: 20/20 MP: 1/1
    17 | D        | Reached skill level 1 in Invocations
    22 | D        | Reached skill level 1 in Dodging
    27 | D        | Noticed a hound
    27 | D        | Noticed a scorpion
    30 | D        | Reached XP level 2. HP: 28/28 MP: 1/3
    33 | D        | Reached XP level 3. HP: 34/34 MP: 2/6
    39 | D        | Killed a scorpion
    40 | D        | Reached skill level 5 in Invocations
    40 | D        | Reached XP level 4. HP: 44/44 MP: 2/8
    53 | D        | Found a snail-covered altar of Cheibriados.
    53 | D        | Found a shadowy altar of Dithmenos.
    53 | D        | Found a white marble altar of Elyvilon.
    53 | D        | Found a blossoming altar of Fedhas.
    53 | D        | Found an opulent altar of Gozag.
    54 | D        | Found a hazy altar of Hepliaklqana.
    55 | D        | Found a viscous altar of Jiyva.
    56 | D        | Found an ancient bone altar of Kikubaaqudgha.
    57 | D        | Found a corrupted altar of Lugonu.
    58 | D        | Found a burning altar of Makhleb.
    59 | D        | Found a sparkling altar of Nemelex Xobeh.
    60 | D        | Found an iron altar of Okawaru.
    61 | D        | Found a stormy altar of Qazlal.
    62 | D        | Found a sacrificial altar of Ru.
    63 | D        | Found a shimmering blue altar of Sif Muna.
    64 | D        | Found a bloodstained altar of Trog.
    65 | D        | Found a hide-covered altar of Uskayaw.
    66 | D        | Became a worshipper of Makhleb the Destroyer
    67 | D        | Found a radiant altar of Vehumet.
    68 | D        | Found an ornate altar of the Wu Jian Council.
    69 | D        | Found a shimmering altar of Xom.
    70 | D        | Found a basalt altar of Yredelemnul.
    71 | D        | Found a glowing silver altar of Zin.
    72 | D        | Found a glowing golden altar of the Shining One.
   116 | D        | Noticed a troll
   116 | D        | Noticed a komodo dragon
   116 | D        | Noticed a steam dragon
   119 | D        | Reached skill level 5 in Armour
   119 | D        | Reached skill level 5 in Shields
   119 | D        | Reached XP level 5. HP: 46/50 MP: 8/10
   119 | D        | Killed a troll
   120 | D        | Reached skill level 5 in Fighting
   120 | D        | Reached skill level 5 in Maces & Flails
   120 | D        | Reached skill level 5 in Dodging
   120 | D        | Reached XP level 6. HP: 57/61 MP: 8/12
   129 | D        | Killed a komodo dragon
   130 | D        | Reached skill level 10 in Invocations
   130 | D        | Reached XP level 7. HP: 52/67 MP: 9/14
   131 | D        | Reached * piety under Makhleb
   137 | D        | Killed a steam dragon
   148 | D        | Noticed a queen bee
   148 | D        | Noticed a troll
   148 | D        | Noticed a two-headed ogre
   148 | D        | Noticed a wraith
   148 | D        | Noticed a catoblepas
   171 | D        | Killed a queen bee
   171 | D        | Reached ** piety under Makhleb
   175 | D        | Killed a troll
   176 | D        | Reached XP level 8. HP: 45/78 MP: 16/16
   181 | D        | Killed a two-headed ogre
   186 | D        | Killed a catoblepas
   186 | D        | Reached *** piety under Makhleb
   187 | D        | Reached skill level 5 in Evocations
   187 | D        | Gained mutation: You passively map the area around you.
                  | [Deep Dwarf growth]
   187 | D        | Reached XP level 9. HP: 32/86 MP: 16/19
   242 | D        | Noticed Eustachio
   322 | D        | Killed Eustachio
   332 | D        | Noticed a cane toad
   340 | D        | Reached **** piety under Makhleb
   351 | D        | Reached skill level 10 in Maces & Flails
   366 | D        | Reached ***** piety under Makhleb
   370 | D        | Killed a cane toad
   383 | D        | Reached XP level 10. HP: 77/96 MP: 21/21
   394 | D        | Noticed a black mamba
   394 | D        | Noticed a cane toad
   397 | D        | Killed a black mamba
   398 | D        | Reached skill level 15 in Invocations
   412 | D        | Killed a cane toad
   412 | D        | Reached ****** piety under Makhleb
   413 | D        | Reached skill level 10 in Armour
   413 | D        | Reached skill level 10 in Shields
   527 | D        | Noticed Harold
   548 | D        | Killed Harold
   549 | D        | Reached skill level 10 in Dodging
   591 | D        | Noticed an orc knight
   600 | D        | Noticed an orc knight
   627 | D        | Killed an orc knight
   648 | D        | Killed an orc knight
   649 | D        | Reached XP level 11. HP: 51/106 MP: 21/21
   692 | D        | Noticed an orc knight
   698 | D        | Killed an orc knight
   721 | D        | Reached skill level 10 in Evocations
   756 | D        | Found Pucloadgh's Weapon Emporium.
   756 | D        | Noticed an ogre mage
   756 | D        | Noticed a two-headed ogre
   763 | D        | Killed a two-headed ogre
   764 | D        | Killed an ogre mage
   765 | D        | Found Gibb's Weapon Shoppe.
   765 | D        | Noticed a two-headed ogre
   766 | D        | Noticed a two-headed ogre
   767 | D        | Found Coceopiny's Magic Scroll Emporium.
   768 | D        | Noticed a two-headed ogre
   772 | D        | Killed a two-headed ogre
   782 | D        | Killed a two-headed ogre
   788 | D        | Killed a two-headed ogre
   805 | D        | Found Hitailux's Antique Weapon Shoppe.
   808 | D        | Bought the +5 demon whip "Spellbinder" {antimagic, Will+}
                  | for 1073 gold pieces
   808 | D        | Found the +5 demon whip "Spellbinder" {antimagic, Will+}
   809 | D        | Noticed a two-headed ogre
   810 | D        | Noticed a two-headed ogre
   817 | D        | Killed a two-headed ogre
   818 | D        | Reached skill level 10 in Fighting
   825 | D        | Killed a two-headed ogre
   891 | D        | Bought a scroll of acquirement for 676 gold pieces
   891 | D        | Bought a scroll of blinking for 97 gold pieces
   891 | D        | Bought a scroll of fog for 26 gold pieces
   891 | D        | Bought a scroll of immolation for 45 gold pieces
   891 | D        | Acquired the +2 helmet "Lihir" {rF+++ rC- Str-4 Slay+5}
   930 | D        | Noticed Urug
   942 | D        | Killed Urug
  1028 | D        | Found the +4 moon troll leather armour {Spirit, Regen++
                  | MP+5}
  1098 | D        | Noticed a brown ugly thing
  1098 | D        | Noticed a four-headed hydra
  1098 | D        | Noticed a centaur warrior
  1104 | D        | Killed a brown ugly thing
  1105 | D        | Reached XP level 12. HP: 91/117 MP: 7/23
  1105 | D        | Killed a centaur warrior
  1109 | D        | Noticed a rakshasa
  1112 | D        | Killed a four-headed hydra
  1113 | D        | Noticed a stone giant
  1115 | D        | Noticed a tengu warrior
  1120 | D        | Noticed an ice dragon
  1120 | D        | Noticed a fire dragon
  1129 | D        | Killed a stone giant
  1135 | D        | Killed a tengu warrior
  1137 | D        | Killed an ice dragon
  1139 | D        | Noticed a brown very ugly thing
  1145 | D        | Killed a fire dragon
  1157 | D        | Killed a brown very ugly thing
  1170 | D        | Killed a rakshasa
  1234 | D        | Noticed Saint Roka
  1272 | D        | Killed Saint Roka
  1332 | D        | Reached XP level 13. HP: 113/128 MP: 8/25
  1344 | D        | Noticed a merfolk impaler
  1347 | D        | Noticed a merfolk javelineer
  1348 | D        | Reached skill level 15 in Evocations
  1348 | D        | Noticed a merfolk impaler
  1350 | D        | Killed a merfolk impaler
  1352 | D        | Killed a merfolk javelineer
  1358 | D        | Killed a merfolk impaler
  1364 | D        | Noticed a bunyip
  1369 | D        | Killed a bunyip
  1371 | D        | Noticed an eleionoma
  1373 | D        | Reached skill level 15 in Armour
  1373 | D        | Reached skill level 15 in Shields
  1393 | D        | Killed an eleionoma
  1401 | D        | Noticed a broodmother
  1404 | D        | Reached skill level 15 in Dodging
  1405 | D        | Killed a broodmother
  1458 | D        | Noticed Agnes
  1465 | D        | Killed Agnes
  1470 | D        | Noticed Kirke
  1477 | D        | Noticed Snorg
  1497 | D        | Killed Kirke
  1512 | D        | Killed Snorg
  1521 | D        | Noticed Donald
  1522 | D        | Noticed Nessos
  1533 | D        | Killed Nessos
  1538 | D        | Killed Donald
  1539 | D        | Gained mutation: You resist negative energy. (rN+) [Deep
                  | Dwarf growth]
  1539 | D        | Reached XP level 14. HP: 124/141 MP: 9/28
  1577 | D        | Noticed a golden dragon
  1590 | D        | Killed a golden dragon
  1591 | D        | Noticed a frost giant
  1600 | D        | Noticed a stone giant
  1602 | D        | Killed a stone giant
  1605 | D        | Killed a frost giant
  1608 | D        | Noticed a stone giant
  1623 | D        | Killed a stone giant
  1647 | D        | Noticed a green very ugly thing
  1651 | D        | Killed a green very ugly thing
  1656 | D        | Noticed an ironbound preserver
  1660 | D        | Noticed an ironbound preserver
  1663 | D        | Killed an ironbound preserver
  1663 | D        | Noticed an ironbound preserver
  1664 | D        | Reached skill level 27 in Invocations
  1664 | D        | Killed an ironbound preserver
  1665 | D        | Noticed an ironbound thunderhulk
  1666 | D        | Reached skill level 15 in Fighting
  1666 | D        | Noticed a vault warden
  1668 | D        | Killed an ironbound preserver
  1670 | D        | Killed an ironbound thunderhulk
  1675 | D        | Killed a vault warden
  1723 | D        | Noticed a tengu reaver
  1724 | D        | Noticed Sojobo
  1724 | D        | Noticed a tengu reaver
  1729 | D        | Killed a tengu reaver
  1729 | D        | Killed a tengu reaver
  1730 | D        | Noticed Jory
  1739 | D        | Killed Sojobo
  1740 | D        | Reached XP level 15. HP: 111/156 MP: 10/30
  1777 | D        | Killed Jory
  1920 | D        | Noticed Louise
  1920 | D        | Noticed Aizul
  1941 | D        | Killed Louise
  1946 | D        | Killed Aizul
  2010 | D        | Noticed an emperor scorpion
  2010 | D        | Noticed an emperor scorpion
  2010 | D        | Noticed an emperor scorpion
  2010 | D        | Noticed an emperor scorpion
  2010 | D        | Noticed an emperor scorpion
  2013 | D        | Killed an emperor scorpion
  2013 | D        | Noticed an emperor scorpion
  2014 | D        | Killed an emperor scorpion
  2014 | D        | Killed an emperor scorpion
  2014 | D        | Killed an emperor scorpion
  2017 | D        | Noticed an emperor scorpion
  2018 | D        | Killed an emperor scorpion
  2022 | D        | Killed an emperor scorpion
  2022 | D        | Killed an emperor scorpion
  2031 | D        | Got a gossamer rune of Zot
  2038 | D        | Noticed a nagaraja
  2038 | D        | Noticed a nagaraja
  2039 | D        | Noticed a nagaraja
  2041 | D        | Killed a nagaraja
  2046 | D        | Killed a nagaraja
  2054 | D        | Killed a nagaraja
  2058 | D        | Noticed a nagaraja
  2058 | D        | Noticed a nagaraja
  2059 | D        | Noticed a nagaraja
  2061 | D        | Killed a nagaraja
  2062 | D        | Killed a nagaraja
  2063 | D        | Reached skill level 15 in Maces & Flails
  2065 | D        | Got a serpentine rune of Zot
  2072 | D        | Killed a nagaraja
  2077 | D        | Noticed Ilsuiw
  2088 | D        | Killed Ilsuiw
  2094 | D        | Got a barnacled rune of Zot
  2135 | D        | Got a decaying rune of Zot
  2151 | D        | Noticed Azrael
  2164 | D        | Killed Azrael
  2180 | D        | Noticed Boris
  2203 | D        | Killed Boris
  2204 | D        | Reached XP level 16. HP: 157/171 MP: 9/29
  2219 | D        | Identified the +2 pair of gloves of Beogh, Kissing {Slay+3}
  2219 | D        | Noticed Nikola
  2223 | D        | Killed Nikola
  2325 | D        | Noticed a tengu reaver
  2328 | D        | Killed a tengu reaver
  2330 | D        | Noticed a tengu reaver
  2332 | D        | Noticed a shadow dragon
  2339 | D        | Killed a tengu reaver
  2339 | D        | Noticed a shadow dragon
  2341 | D        | Killed a shadow dragon
  2342 | D        | Noticed a sphinx
  2350 | D        | Killed a shadow dragon
  2350 | D        | Killed a sphinx
  2359 | D        | Identified the +4 war axe of Caedd {flame, rElec rF+ Will-
                  | Int+6}
  2362 | D        | Noticed a shadow dragon
  2362 | D        | Noticed a quicksilver dragon
  2362 | D        | Noticed a shadow dragon
  2366 | D        | Killed a shadow dragon
  2366 | D        | Killed a quicksilver dragon
  2366 | D        | Noticed a quicksilver dragon
  2367 | D        | Noticed a shadow dragon
  2367 | D        | Found the +18 shield of the Gong {rElec rN+ Will+ EV-5}
  2368 | D        | Noticed a tengu reaver
  2370 | D        | Killed a shadow dragon
  2378 | D        | Killed a quicksilver dragon
  2380 | D        | Killed a shadow dragon
  2382 | D        | Killed a tengu reaver
  2392 | D        | Got a silver rune of Zot
  2406 | D        | Got the Volume of Supportive Conjuration
  2454 | D        | Noticed Mara
  2456 | D        | Noticed Xtahua
  2464 | D        | Noticed Zeldest's illusion
  2471 | D        | Killed Mara
  2478 | D        | Killed Xtahua
  2511 | D        | Got the ring "Horchi" {rF++ rC+ Dex+3 Stlth+}
  2513 | D        | Got the ring of Akargh {Fire Will+ Str+2}
  2515 | D        | Got the ring of Perfectionism {Int+5 Slay+4}
  2517 | D        | Got the amulet of Eternity {Reflect Drain Will+ Dex+5 SH+5}
  2524 | D        | Got the amulet "Otobaku" {RegenMP rN+}
  2532 | D        | Got the +5 broad axe of Ruination {freeze, +Blink rElec
                  | rN++ Int-3}
  2619 | D        | Noticed Margery
  2625 | D        | Reached skill level 1 in Axes
  2628 | D        | Killed Margery
  2629 | D        | Reached XP level 17. HP: 138/186 MP: 10/30
  2694 | D        | Noticed a golden dragon
  2696 | D        | Reached skill level 5 in Axes
  2712 | D        | Killed a golden dragon
  2713 | D        | Reached skill level 27 in Evocations
  2760 | D        | Noticed a tentacled monstrosity
  2771 | D        | Killed a tentacled monstrosity
  2812 | D        | Reached skill level 10 in Axes
  2815 | D        | Noticed a quicksilver dragon
  2823 | D        | Killed a quicksilver dragon
  2852 | D        | Noticed a tentacled monstrosity
  2852 | D        | Noticed a quicksilver dragon
  2853 | D        | Noticed a golden dragon
  2856 | D        | Killed a tentacled monstrosity
  2856 | D        | Killed a quicksilver dragon
  2860 | D        | Killed a golden dragon
  2955 | D        | Noticed an Orb Guardian
  2955 | D        | Noticed an Orb Guardian
  2955 | D        | Noticed an Orb Guardian
  2955 | D        | Noticed an Orb Guardian
  2955 | D        | Noticed an Orb Guardian
  2955 | D        | Noticed an Orb Guardian
  2958 | D        | Noticed an Orb Guardian
  2959 | D        | Killed an Orb Guardian
  2959 | D        | Killed an Orb Guardian
  2959 | D        | Killed an Orb Guardian
  2959 | D        | Killed an Orb Guardian
  2959 | D        | Killed an Orb Guardian
  2959 | D        | Killed an Orb Guardian
  2960 | D        | Gained mutation: You passively map a large area around you.
                  | [Deep Dwarf growth]
  2960 | D        | Reached XP level 18. HP: 196/202 MP: 10/30
  2960 | D        | Noticed an Orb Guardian
  2960 | D        | Noticed an Orb Guardian
  2961 | D        | Killed an Orb Guardian
  2962 | D        | Noticed an Orb Guardian
  2965 | D        | Killed an Orb Guardian
  2967 | D        | Killed an Orb Guardian
  2970 | D        | Killed an Orb Guardian
  2977 | D        | Noticed an Orb Guardian
  2977 | D        | Noticed an Orb Guardian
  2977 | D        | Noticed an Orb Guardian
  2978 | D        | Noticed an Orb Guardian
  2981 | D        | Killed an Orb Guardian
  2982 | D        | Killed an Orb Guardian
  2982 | D        | Killed an Orb Guardian
  2987 | D        | Killed an Orb Guardian
  2994 | D        | Noticed an ancient lich
  2994 | D        | Noticed an orb of fire
  2998 | D        | Noticed an electric golem
  3015 | D        | Killed an ancient lich
  3016 | D        | Reached skill level 15 in Axes
  3020 | D        | Gained mutation: You sometimes lose the ability to read
                  | scrolls when taking damage. [an orb of fire]
  3035 | D        | Gained mutation: You are frail. (-10% HP) [an orb of fire]
  3037 | D        | Gained mutation: You are clumsy. (Dex -2) [an orb of fire]
  3050 | D        | Killed an orb of fire
  3051 | D        | Reached skill level 27 in Armour
  3051 | D        | Reached skill level 27 in Dodging
  3051 | D        | Reached skill level 27 in Shields
  3066 | D        | Killed an electric golem
  3077 | D        | Noticed an Orb Guardian
  3077 | D        | Noticed an electric golem
  3077 | D        | Noticed an ancient lich
  3077 | D        | Noticed an ancient lich
  3078 | D        | Noticed an orb of fire
  3080 | D        | Killed an Orb Guardian
  3080 | D        | Noticed an Orb Guardian
  3084 | D        | Noticed an orb of fire
  3087 | D        | Killed an Orb Guardian
  3088 | D        | Killed an ancient lich
  3089 | D        | Noticed an orb of fire
  3092 | D        | Killed an ancient lich
  3100 | D        | Gained mutation: You have supernaturally acute eyesight.
                  | (SInv) [an orb of fire]
  3103 | D        | Killed an orb of fire
  3123 | D        | Killed an orb of fire
  3125 | D        | Noticed a golden dragon
  3126 | D        | Lost mutation: You have supernaturally acute eyesight.
                  | (SInv) [an orb of fire]
  3134 | D        | Gained mutation: You expend magic power (3 MP) to
                  | strengthen your wands. [an orb of fire]
  3144 | D        | Killed an orb of fire
  3154 | D        | Killed a golden dragon
  3166 | D        | Killed an electric golem
  3179 | D        | Noticed an Orb Guardian
  3179 | D        | Noticed an Orb Guardian
  3179 | D        | Noticed an Orb Guardian
  3179 | D        | Noticed an Orb Guardian
  3179 | D        | Noticed an Orb Guardian
  3179 | D        | Noticed an Orb Guardian
  3181 | D        | Noticed an Orb Guardian
  3182 | D        | Killed an Orb Guardian
  3182 | D        | Killed an Orb Guardian
  3183 | D        | Killed an Orb Guardian
  3183 | D        | Killed an Orb Guardian
  3184 | D        | Noticed an Orb Guardian
  3185 | D        | Killed an Orb Guardian
  3186 | D        | Noticed an Orb Guardian
  3188 | D        | Killed an Orb Guardian
  3189 | D        | Killed an Orb Guardian
  3189 | D        | Noticed an Orb Guardian
  3190 | D        | Killed an Orb Guardian
  3191 | D        | Killed an Orb Guardian
  3192 | D        | Noticed an Orb Guardian
  3192 | D        | Noticed an Orb Guardian
  3197 | D        | Killed an Orb Guardian
  3201 | D        | Killed an Orb Guardian
  3201 | D        | Killed an Orb Guardian
  3202 | D        | Reached XP level 19. HP: 195/201 MP: 10/31
  3285 | D        | Noticed an ancient lich
  3291 | D        | Reached skill level 27 in Maces & Flails
  3291 | D        | Noticed an ancient lich
  3293 | D        | Killed an ancient lich
  3294 | D        | Reached skill level 27 in Fighting
  3296 | D        | Noticed an ancient lich
  3312 | D        | Killed an ancient lich
  3316 | D        | Killed an ancient lich
  3335 | D        | Reached skill level 27 in Axes
  3347 | D        | Reached skill level 5 in Spellcasting
  3360 | D        | Reached skill level 10 in Spellcasting
  3370 | D        | Got an elven rune of Zot
  3383 | D        | Noticed the Royal Jelly
  3388 | D        | Reached skill level 15 in Spellcasting
  3397 | D        | Killed the Royal Jelly
  3437 | D        | Got a slimy rune of Zot
  3529 | D        | Reached skill level 1 in Air Magic
  3535 | D        | Reached skill level 5 in Earth Magic
  3547 | D        | Reached XP level 20. HP: 170/212 MP: 12/38
  3570 | D        | Reached skill level 5 in Necromancy
  3570 | D        | Reached skill level 5 in Translocations
  3590 | D        | Lost mutation: You expend magic power (3 MP) to strengthen
                  | your wands. [potion of mutation]
  3590 | D        | Lost mutation: You are frail. (-10% HP) [potion of
                  | mutation]
  3590 | D        | Lost mutation: You are clumsy. (Dex -2) [potion of
                  | mutation]
  3590 | D        | Gained mutation: You have hidden genetic potential. [potion
                  | of mutation]
  3590 | D        | Gained mutation: Your system is resistant to poisons.
                  | (rPois) [potion of mutation]
  3591 | D        | Noticed a royal mummy
  3591 | D        | Noticed a royal mummy
  3591 | D        | Noticed a royal mummy
  3591 | D        | Noticed a royal mummy
  3599 | D        | Killed a royal mummy
  3603 | D        | Killed a royal mummy
  3604 | D        | Reached skill level 5 in Conjurations
  3604 | D        | Reached skill level 5 in Summonings
  3604 | D        | Reached skill level 5 in Transmutations
  3604 | D        | Reached skill level 5 in Fire Magic
  3604 | D        | Reached skill level 5 in Ice Magic
  3604 | D        | Killed a royal mummy
  3604 | D        | Killed a royal mummy
  3605 | D        | Reached skill level 5 in Hexes
  3605 | D        | Reached skill level 5 in Poison Magic
  3622 | D        | Got a golden rune of Zot
  3635 | D        | Reached skill level 5 in Air Magic
  3640 | D        | Got an abyssal rune of Zot
  3764 | D        | Noticed Geryon
  3786 | D        | Killed Geryon
  3790 | D        | Noticed Mnoleg
  3790 | D        | Found the +6 sword of Cerebov {flame}
  3790 | D        | Noticed Cerebov
  3790 | D        | Noticed Antaeus
  3790 | D        | Noticed Gloorx Vloq
  3790 | D        | Noticed Lom Lobon
  3833 | D        | Found the +7 sceptre of Asmodeus
  3833 | D        | Noticed Asmodeus
  3836 | D        | Lost mutation: Your system is resistant to poisons. (rPois)
                  | [potion of mutation]
  3836 | D        | Lost mutation: You sometimes lose the ability to read
                  | scrolls when taking damage. [potion of mutation]
  3836 | D        | Lost mutation: You have hidden genetic potential. [potion
                  | of mutation]
  3836 | D        | Gained mutation: You are clumsy. (Dex -2) [potion of
                  | mutation]
  3838 | D        | Killed Antaeus
  3843 | D        | Found the +4 staff of Dispater
  3843 | D        | Noticed Dispater
  3847 | D        | Paralysed by a floating eye for 2 turns
  3881 | D        | Killed Mnoleg
  3882 | D        | Reached skill level 10 in Earth Magic
  3917 | D        | Killed Lom Lobon
  4035 | D        | Killed Asmodeus
  4045 | D        | Killed Gloorx Vloq
  4075 | D        | Killed Cerebov
  4076 | D        | Reached skill level 10 in Necromancy
  4076 | D        | Reached skill level 10 in Translocations
  4159 | D        | Killed Dispater
  4181 | D        | Got a glowing rune of Zot
  4185 | D        | Got a fiery rune of Zot
  4189 | D        | Got an icy rune of Zot
  4193 | D        | Got a dark rune of Zot
  4197 | D        | Got a magical rune of Zot
  4199 | D        | Noticed Ereshkigal
  4235 | D        | Killed Ereshkigal
  4240 | D        | Got a bone rune of Zot
  4244 | D        | Got an obsidian rune of Zot
  4248 | D        | Got an iron rune of Zot
  4655 | D        | Got the Orb of Zot
  4831 | D        | Noticed Dibarizo the pandemonium lord
  5124 | D        | Noticed Lymniozu the pandemonium lord
  5140 | D        | Killed Lymniozu the pandemonium lord
  5141 | D        | Reached skill level 10 in Conjurations
  5141 | D        | Reached skill level 10 in Summonings
  5141 | D        | Reached skill level 10 in Transmutations
  5141 | D        | Reached skill level 10 in Fire Magic
  5141 | D        | Reached skill level 10 in Ice Magic
  5419 | D        | Reached XP level 21. HP: 241/244 MP: 9/27
  5759 | D        | Reached skill level 15 in Earth Magic
  5759 | D        | Reached skill level 10 in Poison Magic
  5767 | D        | Noticed Boris
  5782 | D        | Killed Boris
  5783 | D        | Reached skill level 10 in Hexes
  6113 | D        | Noticed Kaabek the pandemonium lord
  6160 | D        | Killed Kaabek the pandemonium lord
  6418 | D        | Escaped with the Orb!

Illustrated notes

Levels and vault maps discovered:
D:        linesprint [early_d, line_temple, items_1, d_10, items_2, lair_1,
          lair_end, items_3, orc_1, orc_end, items_4, d_15, swamp_1, shoals_1,
          snake_1, spider_1, d_20, vaults_1, items_5, swamp_end, shoals_end,
          snake_end, spider_end, vaults_end, d_27, items_6, zot_1, zot_end,
          crypt_end, forest_end, elf_end, slime_end, tomb_end, abyss_end,
          pan_hell_end]

Skill      XL: |  1  2  3  4  5  6  7  8  9 10 11 12 13 14 15 16 17 18 19 20 21 |
---------------+----------------------------------------------------------------+-----
Unarmed Combat | 2 3 4 |  4.5
Invocations    | 2 4 5 6 9 10 11 13 14 16 19 21 24 27 | 27.0
Fighting       | 3 4 5 6 7 8 9 10 11 13 15 17 20 22 26 27 | 27.0
Dodging        | 1 2 3 5 6 8 10 11 13 15 18 20 23 26 27 | 27.0
Armour         | 4 5 6 7 8 9 10 12 14 15 18 21 23 26 27 | 27.0
Shields        | 4 5 6 7 8 9 10 12 14 15 18 20 23 26 27 | 27.0
Maces & Flails | 2 5 6 7 9 10 12 13 16 19 22 26 27 | 27.0
Evocations     | 3 5 7 9 12 14 17 20 23 26 27 | 27.0
Axes           | 2 13 22 27 | 27.0
Spellcasting   | 19 21 | 21.7
Conjurations   | 3 10 11 | 11.6
Hexes          | 3 9 10 | 10.6
Summonings     | 3 10 11 | 11.6
Necromancy     | 4 12 13 | 13.7
Translocations | 4 12 13 | 13.7
Transmutations | 3 10 11 | 11.6
Fire Magic     | 3 10 11 | 11.6
Ice Magic      | 3 10 11 | 11.6
Air Magic      | 3 8 9 |  9.8
Earth Magic    | 5 14 16 | 16.0
Poison Magic   | 3 9 10 | 10.7

Action                   |  1- 3 |  4- 6 |  7- 9 | 10-12 | 13-15 | 16-18 | 19-21 || total
-------------------------+-------+-------+-------+-------+-------+-------+-------++-------
Melee: Unarmed           |    28 |     7 |       |       |       |       |       ||    35
       Morningstar       |       |    11 |   107 |   144 |       |       |       ||   262
       Demon whip        |       |       |       |   136 |   281 |   304 |   573 ||  1294
Invok: Major Destruction |       |       |       |    22 |    70 |   130 |   141 ||   363
       Greater Servant o |       |       |       |       |     1 |       |       ||     1
 Abil: Heal Wounds       |       |       |     1 |    17 |     8 |     2 |    69 ||    97
       Evoke Blink       |       |       |       |       |       |       |     5 ||     5
Evoke: Wand              |       |     2 |     3 |     1 |       |     1 |    14 ||    21
       Phial of floods   |       |       |       |       |       |     1 |     2 ||     3
       Horn of Geryon    |       |       |       |       |       |       |     2 ||     2
  Use: Potion            |     1 |     1 |     3 |     8 |     3 |     1 |    18 ||    35
       Scroll            |       |       |       |     1 |       |     9 |     7 ||    17
 Stab: Distracted        |       |       |       |       |       |       |     2 ||     2
Armor: Scale mail        |     8 |     5 |       |       |       |       |       ||    13
       Plate armour      |       |     3 |    37 |    46 |       |       |       ||    86
       Ice dragon scales |       |       |       |    39 |    94 |    14 |       ||   147
       Gold dragon scale |       |       |       |       |       |    40 |    93 ||   133
Dodge: Dodged            |     4 |     7 |    30 |    66 |    83 |    58 |    51 ||   299
Block: Buckler           |     9 |     3 |    25 |    34 |       |       |       ||    71
       Tower shield      |       |       |       |    53 |   202 |    33 |       ||   288
       Kite shield       |       |       |       |       |       |   241 |   472 ||   713
       Reflection        |       |       |       |       |       |     1 |    11 ||    12

Table legend: (Time is in decaauts)
 A = Elapsed time spent in this place.
 B = Non-inter-level travel time spent in this place.
 C = Inter-level travel time spent in this place.
 D = Time resting spent in this place.
 E = Time spent auto-exploring this place.
 F = Levels seen in this place.
 G = Mean time per level.
                   A        B        C        D        E       F      G
               +--------+--------+--------+--------+--------+-----+--------+
         Total |   5775 |   4254 |   1521 |      0 |      0 |   1 | 5775.0 |
       Dungeon |   5775 |   4254 |   1521 |      0 |      0 |   1 | 5775.0 |
               +--------+--------+--------+--------+--------+-----+--------+

Top non-repeatable levels by time:
       D: 5775 daAuts
